 Dungeon Crawl Stone Soup version 0.31-a0-851-g7ff8af7976 (webtiles) character file.

Game seed: 3896982860425593178

9908 javelincjr the Covert (level 11, 0/64 HPs)
             Began as an Octopode Hedge Wizard on Oct 6, 2023.
             Was a High Priest of Sif Muna.
             Slain by a polar bear (3 damage)
             ... on level 1 of the Lair of Beasts.
             The game lasted 00:36:23 (8761 turns).

javelincjr the Covert (Octopode Hedge Wizard)       Turns: 8761, Time: 00:36:24

Health: 0/64       AC:  2    Str:  9    XL:     11   Next: 53%
Magic:  31/31      EV: 20    Int: 21    God:    Sif Muna [*****.]
Gold:   231        SH:  0    Dex: 12    Spells: 14/25 levels left

rFire   . . .        g - +27 heavy crossbow "Sniper" {heavy, Acc+∞ SInv}
rCold   . . .        (shield currently unavailable)
rNeg    . . .        F - +1 hat {Stlth+}
rPois   .            (no amulet)
rElec   .            e - +5 ring of evasion
rCorr   .            l - ring of willpower
SInv    +            J - ring of magical power
Will    +....        (no ring)
Stlth   ++++++       (no ring)
HPRegen 0.30/turn    (no ring)
MPRegen 0.22/turn    (no ring)
                     (no ring)

%: no passive effects
@: lethally poisoned (0 -> -1), studying Long Blades
A: almost no armour, amphibious, 8 rings, camouflage 1, gelatinous body 1,
(nimble swimmer 1), tentacles
a: Renounce Religion, Channel Magic, Forget Spell, Divine Exegesis


You were on level 1 of the Lair of Beasts.
You worshipped Sif Muna.
Sif Muna was extremely pleased with you.
You visited 2 branches of the dungeon, and saw 11 of its levels.

You collected 768 gold pieces.
You spent 537 gold pieces at shops.

Inventory:

Hand Weapons
 g - the +27 heavy crossbow "Sniper" (weapon) {heavy, Acc+∞ SInv}
   (You acquired it on level 3 of the Dungeon)

   Acc+∞: It never misses its target.
   SInv:      It lets you see invisible.
 t - a +6 heavy scythe
 G - a +0 scimitar of flaming
 H - the +4 lajatang of the Median {antimagic, Str+5}
   (You found it on level 9 of the Dungeon)

   Str+5:     It affects your strength (+5).
Missiles
 D - 2 throwing nets
Armour
 o - a +0 tower shield
 y - an orb of light
 F - a +1 hat of stealth (worn)
Jewellery
 e - a +5 ring of evasion (left tentacle)
 l - a ring of willpower (right tentacle)
 J - a ring of magical power (on tentacle)
Wands
 a - a wand of roots (7)
 I - a wand of flame (1)
Scrolls
 b - a scroll of vulnerability {unknown}
 f - 6 scrolls of teleportation
 h - 5 scrolls of poison {unknown}
 i - 2 scrolls of amnesia {unknown}
 m - 4 scrolls of blinking {unknown}
 p - 2 scrolls of enchant armour {unknown}
 q - 4 scrolls of identify {unknown}
 r - a scroll of noise {unknown}
 s - 2 scrolls of immolation {unknown}
 v - a scroll of enchant weapon {unknown}
Potions
 c - a potion of magic
 d - 6 potions of curing
 j - a potion of brilliance {unknown}
 k - a potion of attraction {unknown}
 n - 2 potions of mutation {unknown}
 u - a potion of resistance {unknown}
 w - 2 potions of haste {unknown}
 x - a potion of cancellation {unknown}
 z - a potion of invisibility {unknown}
 A - a potion of heal wounds {unknown}
 B - 3 potions of berserk rage {unknown}
 C - a potion of might {unknown}
 E - a potion of degeneration {unknown}


   Skills:
 + Level 2.1 Fighting
 * Level 7.5 Ranged Weapons
 + Level 5.9 Dodging
 + Level 8.6 Stealth
 * Level 7.8 Spellcasting
 + Level 5.7 Conjurations
 * Level 6.0 Summonings
 + Level 5.6 Translocations
 + Level 5.8 Invocations


You had 14 spell levels left.
You knew the following spells:

 Your Spells              Type           Power      Damage    Failure   Level
a - Magic Dart            Conj           100%       1d8       1%          1
b - Call Imp              Summ           66%        N/A       1%          2
c - Blink                 Tloc           64%        N/A       1%          2
d - Call Canine Familiar  Summ           33%        N/A       1%          3
e - Mephitic Cloud        Conj/Pois/Air  16%        N/A       11%         3

Your spell library contained the following spells:

 Spells                   Type           Power      Damage    Failure   Level
 Apportation              Tloc           64%        N/A       1%          1
 Summon Small Mammal      Summ           100%       N/A       1%          1
 Summon Guardian Golem    Hex/Summ       20%        N/A       7%          3
 Slow                     Hex            32%        N/A       9%          1
 Cigotuvi's Dreadful Rot  Necr/Pois/Air  16%        N/A       12%         2
 Ensorcelled Hibernation  Hex/Ice        16%        N/A       12%         2
 Jinxbite                 Hex            16%        N/A       12%         2
 Scorch                   Fire           16%        2d5       12%         2
 Sublimation of Blood     Necr           8%         N/A       12%         2
 Wereblood                Tmut           8%         N/A       12%         2
 Flame Wave               Conj/Fire      20%        2d7       26%         4
 Anguish                  Hex/Necr       4%         N/A       63%         4
 Animate Dead             Necr           8%         N/A       63%         4
 Summon Cactus Giant      Summ           16%        N/A       71%         6
 Alistair's Intoxication  Tmut/Pois      5%         N/A       92%         5
 Borgnjor's Vile Clutch   Necr/Erth      4%         N/A       92%         5
 Summon Hydra             Summ           16%        N/A       99%         7
 Death Channel            Necr           4%         N/A       100%        6
 Eringya's Noxious Bog    Tmut/Pois      4%         4d6       100%        6


Dungeon Overview and Level Annotations

Branches:
Dungeon (10/15)            Temple (0/1) D:6            Lair (1/5) D:10
    Orc: D:9-12

Altars:
Ashenzari
Hepliaklqana
Nemelex Xobeh
Qazlal
Sif Muna
Uskayaw
Wu Jian
Yredelemnul
The Shining One

Shops:
D:4 !   D:5 =   D:8 [


Innate Abilities, Weirdness & Mutations

You cannot wear most types of armour.
You are amphibious.
You can wear up to eight rings at the same time.
Your skin changes colour to match your surroundings (Stealth+).
Your rubbery body absorbs attacks. (AC +1, EV +1)
((You are camouflaged when in or above water. (Stealth+)))
You have tentacles for arms and can constrict up to eight enemies at once.


Message History

A wyvern comes into view.
You shoot a bolt. The bolt hits the wyvern!!
You kill the wyvern!
Sif Muna accepts your kill.
You hear an angry hiss.
A black mamba comes into view.
The black mamba bites you!
You are poisoned.
The black mamba poisons you! The black mamba closely misses you.
The black mamba misses you.
Your Summonings skill increases to level 6!
You shoot a bolt. The bolt hits the black mamba.
The black mamba is lightly wounded.
You feel extremely sick. The black mamba completely misses you.
The black mamba bites you! The black mamba barely misses you.
The black mamba misses you. The black mamba bites you!
The black mamba barely misses you.
You are too injured to fight recklessly!
Fire: g) +27 heavy crossbow "Sniper" {heavy, Acc+∞ SInv}
Press: ? - help, Q - select action, (/) - cycle Shift-Dir - straight line, f/p - black mamba
Aim: a black mamba (lightly wounded, 100% to hit)
You shoot a bolt. The bolt hits the black mamba!!!
You kill the black mamba!
Sif Muna accepts your kill.
You feel very sick.
A polar bear comes into view.
Fire: g) +27 heavy crossbow "Sniper" {heavy, Acc+∞ SInv}
Press: ? - help, Q - select action, (/) - cycle Shift-Dir - straight line, f - polar bear
Aim: a polar bear (100% to hit)
You shoot a bolt. The bolt hits the polar bear!!!
The polar bear is almost dead.
You feel very sick.
You hear a howl!
The polar bear completely misses you. The polar bear misses you.
The polar bear closely misses you. x2; The polar bear claws you.
* * * LOW HITPOINT WARNING * * *
The polar bear misses you. The polar bear bites you!
* * * LOW HITPOINT WARNING * * *
The polar bear completely misses you. The polar bear claws you.
You die...

..#. .. #.....# #..†#
##.. ..#. #...#
###..#..... #...#
#.[..#...♣ #...##
##....... #...P #..#..#
####...### #.#..@##
.......#.###.#.#.h#
...............#.....#
...............###......
...............# .#....
...............## ###..+
.....).........P# ...
...............## ..
..[.............#


You could see a polar bear.

Vanquished Creatures
  Erica (D:8)
  A two-headed ogre (D:10)
  Amaemon (D:10)
  A black mamba (Lair:1)
  An orange demon (D:10)
  2 trolls (D:10)
  Sigmund (D:4)
  A vampire (D:10)
  12 yaks
  A wraith (D:10)
  3 wyverns
  Eustachio (D:4)
  A steam dragon (D:9)
  Edmund (D:4)
  A water moccasin (D:7)
  3 sky beasts
  2 black bears
  An ice beast (D:7)
  3 ogres
  6 centaurs
  A phantom (D:6)
  Blork the orc (D:6)
  4 kobold brigands
  4 bullfrogs
  3 gnoll sergeants
  2 scorpions (D:5)
  8 wights
  6 killer bees (D:9)
  3 howler monkeys
  4 jellies
  5 hounds
  A gnoll bouda (D:8)
  6 orc priests
  A sleepcap (D:6)
  4 iguanas
  Robin (D:4)
  18 gnolls
  6 adders
  A shadow imp (D:8)
  5 white imps
  4 worms
  3 dart slugs
  8 orcs
  10 bats
  4 endoplasms
  5 giant cockroaches
  14 goblins
  8 hobgoblins
  4 jackals
  7 quokkas
  9 ball pythons
  A frilled lizard (D:1)
  17 kobolds
  8 rats
230 creatures vanquished.

Vanquished Creatures (collateral kills)
  A gnoll (D:7)
  An endoplasm (D:3)
  A kobold (D:2)
3 creatures vanquished.

Grand Total: 233 creatures vanquished

Notes
Turn   | Place    | Note
-------+----------+-------------------------------------------
     0 | D:1      | javelincjr the Octopode Hedge Wizard began the quest for
                  | the Orb.
     0 | D:1      | Reached XP level 1. HP: 11/11 MP: 4/4
   213 | D:1      | Reached XP level 2. HP: 17/17 MP: 4/6
   239 | D:1      | Reached skill level 3 in Stealth
   644 | D:1      | Reached XP level 3. HP: 21/21 MP: 1/7
  1245 | D:2      | Learned a level 2 spell: Call Imp
  1949 | D:2      | Found a faded altar of an unknown god.
  1956 | D:2      | Prayed at the altar of an unknown god.
  1956 | D:2      | Became a worshipper of Sif Muna the Loreminder
  1956 | D:2      | Reached * piety under Sif Muna
  2226 | D:3      | Reached XP level 4. HP: 27/27 MP: 3/8
  2229 | D:3      | Learned a level 2 spell: Blink
  2526 | D:3      | Found a hide-covered altar of Uskayaw.
  2785 | D:3      | Reached ** piety under Sif Muna
  2869 | D:3      | Found a glowing golden altar of the Shining One.
  3035 | D:3      | Identified a scroll of acquirement
  3035 | D:3      | Acquired the +27 heavy crossbow "Sniper" {heavy, Acc+∞
                  | SInv}
  3035 | D:3      | Found the +27 heavy crossbow "Sniper" {heavy, Acc+∞ SInv}
  3179 | D:4      | Noticed Edmund
  3214 | D:4      | Noticed Sigmund
  3219 | D:4      | Killed Sigmund
  3220 | D:4      | Reached skill level 1 in Ranged Weapons
  3220 | D:4      | Reached skill level 4 in Stealth
  3220 | D:4      | Reached skill level 1 in Invocations
  3220 | D:4      | Reached XP level 5. HP: 31/31 MP: 10/10
  3220 | D:4      | Reached XP level 6. HP: 36/36 MP: 11/11
  3340 | D:4      | Reached XP level 7. HP: 41/41 MP: 13/13
  3609 | D:4      | Noticed Eustachio
  3611 | D:4      | Killed Eustachio
  3646 | D:4      | Killed Edmund
  3784 | D:4      | Found Pufaavag's Distillery.
  3790 | D:4      | Bought a potion of curing for 33 gold pieces
  3870 | D:4      | Noticed Robin
  3871 | D:4      | Killed Robin
  4123 | D:5      | Entered Level 5 of the Dungeon
  4216 | D:5      | Found Daepnale's Jewellery Shoppe.
  4336 | D:5      | Reached *** piety under Sif Muna
  4337 | D:5      | Reached skill level 5 in Stealth
  4337 | D:5      | Reached XP level 8. HP: 25/46 MP: 14/14
  4867 | D:6      | Reached skill level 5 in Spellcasting
  4916 | D:6      | Reached XP level 9. HP: 51/51 MP: 17/17
  4956 | D:6      | Found a staircase to the Ecumenical Temple.
  4959 | D:6      | Reached skill level 6 in Stealth
  4966 | D:6      | Noticed Blork the orc
  4970 | D:6      | Killed Blork the orc
  5100 | D:6      | Learned a level 3 spell: Call Canine Familiar
  5259 | D:6      | Found a sparkling altar of Nemelex Xobeh.
  5368 | D:7      | Reached skill level 5 in Ranged Weapons
  5413 | D:7      | Reached **** piety under Sif Muna
  5422 | D:7      | Found a stormy altar of Qazlal.
  5754 | D:7      | You fall into a shaft and drop 1 floor!
  5772 | D:8      | Reached XP level 10. HP: 42/56 MP: 19/19
  5776 | D:8      | Reached skill level 7 in Stealth
  6123 | D:8      | Reached skill level 5 in Dodging
  6211 | D:8      | Found Taebeiru's Antique Armour Shoppe.
  6363 | D:8      | Bought a runed hat for 224 gold pieces
  6579 | D:8      | Noticed Erica
  6586 | D:8      | Killed Erica
  6839 | D:9      | Identified the +4 lajatang of the Median {antimagic, Str+5}
  6843 | D:9      | Reached skill level 5 in Translocations
  6848 | D:9      | Reached skill level 5 in Conjurations
  6848 | D:9      | Reached skill level 5 in Invocations
  6859 | D:9      | Reached skill level 5 in Summonings
  6990 | D:9      | Learned a level 3 spell: Mephitic Cloud
  7107 | D:9      | Found a hazy altar of Hepliaklqana.
  7187 | D:9      | Reached ***** piety under Sif Muna
  7623 | D:10     | Entered Level 10 of the Dungeon
  7623 | D:10     | Found a basalt altar of Yredelemnul.
  7666 | D:10     | Reached XP level 11. HP: 34/62 MP: 22/22
  7847 | D:10     | Found a staircase to the Lair.
  7852 | D:10     | Reached skill level 1 in Fighting
  7852 | D:10     | Reached skill level 8 in Stealth
  7869 | D:10     | Noticed Amaemon
  7874 | D:10     | Killed Amaemon
  7984 | D:10     | Received a gift from Sif Muna
  7989 | D:10     | Noticed a two-headed ogre
  7997 | D:10     | Killed a two-headed ogre
  8119 | D:10     | Found a hazy altar of Hepliaklqana.
  8160 | D:10     | Found an ornate altar of the Wu Jian Council.
  8160 | D:10     | Found a broken altar of Ashenzari.
  8574 | D:5      | Bought a ring of magical power for 280 gold pieces
  8719 | Lair:1   | Entered Level 1 of the Lair of Beasts
  8761 | Lair:1   | HP: 3/64 [polar bear (10)]
  8761 | Lair:1   | Slain by a polar bear

Illustrated notes

Levels and vault maps discovered:
D:1:      saegor_arrival_simple_b, layout_rooms, serial_forest,
          infiniplex_forest_lined_3_way, infiniplex_forest_lined_ring,
          infiniplex_forest_corner_1, infiniplex_forest_clump_medium,
          infiniplex_forest_end_3
D:2:      layout_rooms, ebering_ecumenical_altar_abandoned, kennysheep_donut
D:3:      layout_rooms, lemuel_doored_altar, tso_oasis_becter
D:4:      layout_loops_ring, serial_shops, nicolae_shop_rolling_square,
          uniq_edmund, uniq_robin, uniq_sigmund, uniq_eustachio
D:5:      layout_loops_cross, serial_shops, shop
D:6:      layout_rooms, nemelex_spade_bored_becter, mrwooster_statue_mirror,
          uniq_blork_the_orc
D:7:      wander_river, layout_rooms, nicolae_qazlal_scattered_showers
D:8:      layout_loops_ring, serial_shops, nicolae_inconvenience_store,
          nicolae_figureground_sparkle, uniq_erica
D:9:      layout_basic, mainiacjoe_overflow_24_doors, kennysheep_generic_room_9
D:10:     layout_roguey, gammafunk_temple_overflow_elements, dpeg_oklobed_lair,
          serial_glass, glass_columns_a, glass_columns_c,
          ebering_dispersal_statue_hall, hangedman_feature_mirror, uniq_amaemon
Lair:1:   layout_long_grid, grunt_megastairs_2

Skill      XL: |  1  2  3  4  5  6  7  8  9 10 11 |
---------------+----------------------------------+-----
Stealth        | 3 4 5 6 7 8 |  8.6
Translocations | 2 3 4 5 |  5.6
Ranged Weapons | 1 2 3 4 5 6 7 |  7.5
Conjurations   | 2 3 4 5 |  5.7
Summonings     | 2 3 4 5 6 |  6.0
Invocations    | 1 2 3 4 5 |  5.8
Spellcasting   | 4 5 6 7 |  7.8
Dodging        | 3 4 5 |  5.9
Fighting       | 2 |  2.1

Action                     |  1- 3 |  4- 6 |  7- 9 | 10-12 || total
---------------------------+-------+-------+-------+-------++-------
  Melee: Dagger            |   180 |    32 |       |       ||   212
         Constrict         |    18 |     9 |       |       ||    27
         Tentacles         |    63 |     6 |       |       ||    69
         Punch             |     2 |     2 |       |       ||     4
   Fire: Heavy crossbow    |       |    18 |    92 |   103 ||   213
   Cast: Magic Dart        |    79 |    31 |       |       ||   110
         Call Imp          |     3 |     3 |     3 |     4 ||    13
         Call Canine Famil |       |       |     2 |     3 ||     5
         Mephitic Cloud    |       |       |       |     1 ||     1
         Blink             |       |       |       |     1 ||     1
    Use: Scroll            |       |     2 |       |       ||     2
   Stab: Sleeping          |     4 |     1 |       |       ||     5
 Armour: Skin              |    20 |     3 |     7 |    33 ||    63
  Dodge: Dodged            |    30 |    36 |    31 |    87 ||   184

Table legend: (Time is in decaauts)
 A = Elapsed time spent in this place.
 B = Non-inter-level travel time spent in this place.
 C = Inter-level travel time spent in this place.
 D = Time resting spent in this place.
 E = Time spent auto-exploring this place.
 F = Levels seen in this place.
 G = Mean time per level.
                   A        B        C        D        E       F      G
               +--------+--------+--------+--------+--------+-----+--------+
         Total |   9263 |   8624 |    639 |   1035 |   5608 |  11 |  842.1 |
       Dungeon |   9209 |   8570 |    639 |   1035 |   5600 |  10 |  920.9 |
          Lair |     54 |     54 |      0 |      0 |      8 |   1 |   54.0 |
               +--------+--------+--------+--------+--------+-----+--------+

Top non-repeatable levels by time:
     D:1: 1236 daAuts
     D:4: 1161 daAuts
     D:8: 1134 daAuts
    D:10: 992 daAuts
     D:2: 973 daAuts
     D:9: 913 daAuts
     D:5: 848 daAuts
     D:3: 848 daAuts
     D:7: 557 daAuts
     D:6: 543 daAuts
  Lair:1: 54 daAuts
